 Dungeon Crawl Stone Soup version 0.15-a0-217-g70ad64b (webtiles) character file.

237621 PolkaDot the Hoplite (level 18, -3/140 HPs)
             Began as a Vampire Death Knight on Apr 24, 2014.
             Was the Champion of Yredelemnul.
             Slain by a very large slime creature (47 damage)
             ... on Level 2 of the Vaults.
             The game lasted 06:28:30 (56142 turns).

PolkaDot the Hoplite (Vampire Death Knight)        Turns: 56142, Time: 06:28:30

HP  -3/140       AC 22     Str 12      XL: 18   Next: 40%
MP  24/30        EV 25     Int 14      God: Yredelemnul [******]
Gold 4542        SH 28     Dex 18      Spells:  4 memorised,  5 levels left

rFire  + . .     SeeInvis +     o - +2,+0 demon trident (drain)
rCold  + . .     Clarity  .     S - +3 leather armour {rF+}
rNeg   + + +     Conserve .     y - +2 shield {AC+3}
rPois  +         rCorr    .     l - +2 hat
rElec  .         rRot     +     L - +2 cloak
SustAb . .       Spirit   .     G - +2 pair of gloves
rMut   .         Warding  +     m - +2 pair of boots
Saprov . . .     Stasis   .     r - amulet "Gishe" {Ward rN+ Acc+4 Dam+3}
MR     ++...                    q - ring of Curiosity {+Inv rPois MR+}
                                p - +4 ring of evasion

@: regenerating slowly, very resistant to hostile enchantments, unstealthy
A: bottle blood, fangs 3, hooves 1, see invisible, unbreathing
a: Bat Form, Bottle Blood, Animate Dead, Recall Undead Slaves, Injury Mirror,
Drain Life, Enslave Soul, Renounce Religion, Evoke Invisibility
}: 2/15 runes: barnacled, gossamer


You were on level 2 of the Vaults.
You worshipped Yredelemnul.
Yredelemnul was exalted by your worship.
You were very thirsty.

You visited 7 branches of the dungeon, and saw 42 of its levels.
You also visited: Sewer and Ice Cave.

You collected 5336 gold pieces.
You spent 794 gold pieces at shops.

Inventory:

Hand weapons
 o - a +2,+0 demon trident of draining (weapon)
 O - the +9,+9 trident "Esewnani" {drain, rC+ Stlth}
   (You found it on level 10 of the Dungeon)

   A truly terrible weapon, it drains the life of those it strikes.
   It protects you from cold.
   It makes you more stealthy.
Armour
 l - a +2 hat (worn)
 m - a +2 pair of boots (worn)
 y - a +2 shield of protection (worn)
 G - a +2 pair of gloves (worn)
 L - a +2 cloak (worn)
 S - a +3 leather armour of fire resistance (worn)
Magical devices
 b - a wand of disintegration (4)
 e - a wand of fire (5)
 f - a wand of disintegration (20)
 w - a wand of teleportation (6)
 x - a wand of disintegration (16)
 C - a wand of digging (10)
 E - a wand of enslavement (8)
 I - a wand of paralysis (11)
Scrolls
 c - 3 scrolls of recharging
 d - 2 scrolls of immolation
 h - 3 scrolls of remove curse
 t - 2 scrolls of identify
 u - a scroll of blinking
 v - 3 scrolls of fear
 A - 5 scrolls of magic mapping
 D - 2 scrolls of vulnerability
 F - 2 scrolls of fog
Jewellery
 a - an uncursed ring of protection from fire
 p - a +4 ring of evasion (left hand)
 q - the ring of Curiosity (right hand) {+Inv rPois MR+}
   (You found it on level 3 of the Elven Halls)

   [ring of poison resistance]

   It protects you from poison.
   It affects your resistance to hostile enchantments.
   It lets you turn invisible.
 r - the amulet "Gishe" (around neck) {Ward rN+ Acc+4 Dam+3}
   (You found it on level 5 of the Shoals)

   [amulet of warding]

   It may prevent the melee attacks of summoned creatures.
   It affects your accuracy with ranged weapons and melee attacks (+4).
   It affects your damage with ranged weapons and melee attacks (+3).
   It protects you from negative energy.
 P - an uncursed ring of protection from fire
 U - an uncursed ring of protection from magic
Potions
 g - 14 potions of curing
 i - 4 potions of agility
 j - 4 potions of restore abilities
 n - 4 potions of brilliance
 s - a potion of flight
 z - 4 potions of resistance
 B - a potion of invisibility
 H - 2 potions of haste


   Skills:
 - Level 12.0 Fighting
 + Level 12.9 Polearms
 - Level 10.2 Armour
 * Level 13.0 Dodging
 + Level 13.1 Shields
 - Level 11.5 Charms
 - Level 11.1 Necromancy
 - Level 7.6 Air Magic
 - Level 6.6 Poison Magic
 - Level 10.0 Invocations


You had 5 spell levels left.
You knew the following spells:

 Your Spells              Type           Power        Failure   Level  Hunger
a - Mephitic Cloud        Conj/Pois/Air  ##......     14%         3    ####...
r - Regeneration          Chrm/Necr      ####......   1%          3    ####...
z - Vampiric Draining     Necr           ####......   1%          3    ####...
F - Flight                Chrm/Air       ####......   1%          3    ####...


Dungeon Overview and Level Annotations

Branches:
Dungeon (15/15)            Temple (0/1) D:5             Orc (4/4) D:10
    Elf (3/3) Orc:3          Lair (8/8) D:10         Shoals (5/5) Lair:5
 Spider (5/5) Lair:6        Slime (0/6) Lair:7       Vaults (2/5) D:14
 Depths (0/5) D:15
  Crypt: Vaults:2-3

Altars:
Ashenzari
Kikubaaqudgha
Makhleb
Vehumet
Zin
The Shining One
Beogh
Lugonu

Shops:
D:5 (*[(   D:6 *??(*   Orc:4 =([   Elf:3 *


Innate Abilities, Weirdness & Mutations

You heal slowly.
You can bottle blood from corpses.
You have razor-sharp teeth.*
You have supernaturally acute eyesight.
You can survive without breathing.*
You have large cloven feet.*


Message History

You impale the very large slime creature!!
You drain the very large slime creature!
The very large slime creature is lightly wounded.
Unknown command.
Attack whom?
Press: ? - help, Dir - move target cursor, f/p - fire crab
Aim: a fire crab (severely wounded)
You reach to attack!
You hit the fire crab but do no damage. You drain the fire crab!
The fire crab is severely wounded.
The very large slime creature closely misses you.
Unknown command.
Attack whom?
Press: ? - help, Dir - move target cursor, f/p - fire crab
Aim: a fire crab (severely wounded)
You reach to attack!
You barely miss the fire crab.
The fire crab is severely wounded.
The very large slime creature hits you!
You die...
Yredelemnul claims you as an undead slave. ... ##....... ##......... ......... ....... ..... . te.

..... #J# ........
##@## ........ ##Dzn##
#........ #.npzz##
#........ ##.#zpW##
#.......### ####zzz##
#.....z##.#######zz.##
+......'.W.znnD..Z...+
+....zz##.zp#######.##
#......Z##..z#### ##


You could see a very large slime creature, a fire crab, a deep elf fighter, a
friendly bone dragon, 2 friendly ghouls, 3 friendly skeletal warriors, 2
friendly flayed ghosts, a friendly flaming corpse, the friendly Sonja the
spectral kobold, a friendly ugly thing zombie, a friendly orc zombie, a friendly
warg skeleton, 2 friendly orc skeletons and a friendly human skeleton.

Vanquished Creatures
  Agnes (Vaults:1)
  Donald (Spider:3)
  Ilsuiw (Shoals:5)
  A frost giant (IceCv)
  A ghost moth (Spider:5)
  Aizul (Spider:3)
  Louise (Spider:3)
  A deep elf demonologist (Elf:3)
  4 deep elf annihilators (Elf:3)
  2 emperor scorpions (Spider:5)
  2 deep elf death magi
  A siren (Shoals:5)
  Fannar (D:13)
  2 fire dragons
  3 ironheart preservers (Vaults:1)
  A rakshasa (Vaults:1)
  A hydra (Lair:3)
  5 death yaks
  A plague shambler (D:13)
  A satyr (Shoals:3)
  A tengu warrior (D:15)
  An ogre mage (Vaults:1)
  A catoblepas (Lair:3)
  2 skeletal warriors
  2 sea snakes
  4 hill giants
  18 deep elf knights
  3 centaur warriors
  An orb spider (Spider:5)
  Nergalle (Lair:8)
  3 unseen horrors
  Urug (Orc:2)
  3 ironbrand convokers
  A wolf spider zombie (D:14)
  A death drake (shapeshifter) (Elf:1)
  6 deep elf summoners
  12 deep elf conjurers
  A lindwurm (Lair:8)
  A faun (Shoals:3)
  3 griffons
  3 harpies
  2 red wasps (Spider:1)
  3 mermaids
  A harpy (shapeshifter) (Elf:3)
  An elephant (shapeshifter) (Elf:3)
  4 orc knights
  A cyclops (Shoals:4)
  2 orc sorcerers
  2 orange demons (Elf:2)
  A moth of wrath (Spider:5)
  6 manticores
  An item mimic (Orc:4)
  A feature mimic (Orc:4)
  7 elephants
  2 small abominations (Elf:1)
  An efreet (D:14)
  6 spiny frogs
  2 yaktaurs
  4 demonic crawlers
  A vault sentinel (Vaults:2)
  A black mamba (shapeshifter) (Elf:1)
  8 deep elf priests
  4 black mambas
  8 jumping spiders
  7 komodo dragons
  13 wolf spiders
  A boggart (Vaults:2)
  A giant firefly (Lair:8)
  4 two-headed ogres
  3 blink frogs (Lair:3)
  A red wasp zombie (D:15)
  4 slime creatures
  A tengu conjurer (D:15)
  6 trolls
  A water elemental (Shoals:5)
  3 wraiths
  3 basilisks
  A fire dragon skeleton (D:15)
  A spriggan (D:8)
  A merfolk (Shoals:5)
  A wyvern (Lair:4)
  11 polar bears
  A wind drake (Shoals:1)
  17 deep elf magi
  16 tarantellas
  A vampire (D:14)
  17 redbacks
  A hungry ghost (D:14)
  A steam dragon (D:9)
  2 vampire mosquitoes
  6 hippogriffs
  2 elephant slugs (Lair:8)
  6 grizzly bears
  13 ugly things
  3 ravens (D:15)
  9 trapdoor spiders
  Eustachio (D:10)
  25 deep elf fighters
  2 necrophages
  7 wargs
  A shark (Shoals:5)
  3 sky beasts
  A snapping turtle (Shoals:1)
  2 hell hounds (Lair:8)
  26 wolves
  A soldier ant (D:13)
  21 yaks
  8 spiders
  6 porcupines
  7 black bears
  7 ice beasts
  11 centaurs (D:12)
  11 crocodiles
  15 giant frogs
  12 ogres
  9 water moccasins
  2 elf zombies
  4 brain worms (Lair:8)
  24 orc warriors
  7 scorpions
  6 giant slugs
  3 killer bees (D:11)
  An eye of draining (D:12)
  2 jellies
  12 wights
  2 crimson imps
  31 orc wizards
  2 human zombies (D:9)
  12 hounds
  26 orc priests
  3 big fish
  7 iguanas
  3 human skeletons (D:9)
  2 orange rats (Elf:2)
  5 worker ants
  A crocodile zombie (D:10)
  8 sheep
  A mottled dragon zombie (D:15)
  2 ogre skeletons (D:11)
  3 mummies
  14 adders
  6 gnolls
  A shadow imp (D:13)
  A goliath beetle (D:14)
  35 green rats
  7 giant mites
  16 worms
  2 orc zombies
  15 giant geckos
  8 oozes
  134 orcs
  A ball python (D:3)
  9 giant cockroaches
  21 goblins
  16 hobgoblins
  20 jackals
  28 kobolds
  32 bats
  A giant newt (D:3)
  A giant spore (D:10)
  A goblin skeleton (D:4)
  2 orc skeletons
  11 quokkas
  15 rats
  A bush (D:3)
  2 crawling corpses (Elf:1)
  2 fungi
  2 plants (Lair:8)
1077 creatures vanquished.

Vanquished Creatures (collateral kills)
  Mara (Spider:3)
  Arachne (Spider:4)
  2 deep elf blademasters (Elf:3)
  2 deep elf master archers (Elf:3)
  A kraken (Shoals:3)
  2 player illusions (Spider:3)
  An orc warlord (Orc:4)
  4 deep elf sorcerers (Elf:3)
  3 emperor scorpions
  2 vault wardens
  Gastronok (Orc:1)
  A stone giant (Vaults:2)
  3 deep elf demonologists (Elf:3)
  An ettin (D:15)
  3 deep elf annihilators (Elf:3)
  Jorgrun (Shoals:2)
  7 merfolk javelineers
  A deep troll earth mage (Vaults:1)
  A deep elf high priest (Elf:3)
  9 merfolk impalers
  A great orb of eyes (Vaults:1)
  2 ravenous feature mimics
  6 deep elf death magi (Elf:3)
  A large abomination (Elf:3)
  3 hydras
  A rakshasa (Vaults:1)
  3 yaktaur captains
  An ogre mage (Vaults:2)
  9 merfolk aquamancers
  2 fire dragons
  3 sirens
  3 satyrs
  2 tengu warriors (D:15)
  An ice dragon (Vaults:2)
  A plague shambler (D:13)
  2 alligator snapping turtles
  A centaur warrior (D:15)
  7 spectral elves
  4 skeletal warriors (D:13)
  7 deep elf knights
  6 death yaks (Lair:7)
  A deep elf summoner (Elf:1)
  An orc high priest (Orc:4)
  2 deep trolls (Vaults:1)
  An ice devil (Elf:3)
  18 orb spiders
  15 sea snakes
  5 hill giants
  Pikel (D:7)
  An ironbrand convoker (Vaults:2)
  24 harpies
  An orc sorcerer (D:15)
  4 griffons
  17 wolf spiders
  7 deep elf conjurers
  2 red wasps
  A lindwurm (Lair:8)
  4 water nymphs
  11 cyclopes
  8 manticores
  13 fauns
  11 mermaids
  A smoke demon (Shoals:2)
  An orange demon (Elf:3)
  3 drowned souls
  An elf skeleton (Elf:1)
  A spiny frog (Lair:7)
  3 moths of wrath
  2 gargoyles
  A yaktaur (Vaults:1)
  4 orc knights
  2 centaur zombies (D:13)
  2 small abominations
  7 demonic crawlers
  A blue devil (Elf:3)
  37 merfolk
  2 efreet
  7 deep elf priests
  16 jumping spiders
  3 boggarts (Vaults:2)
  5 polar bears
  7 snapping turtles
  2 trolls
  5 two-headed ogres
  2 giant fireflies (Lair:8)
  An elephant (Lair:7)
  10 deep elf magi
  2 komodo dragons
  A griffon zombie (D:14)
  2 slime creatures
  2 giant leeches (Lair:8)
  4 grizzly bears (Lair:8)
  2 basilisks (Lair:3)
  18 trapdoor spiders
  A trapdoor spider zombie (Spider:5)
  15 water elementals
  33 redbacks
  A shadow (D:15)
  A wyvern (Lair:7)
  A vampire (D:14)
  3 vampire mosquitoes
  2 wraiths (Vaults:1)
  2 vault sentinels
  2 elephant slugs (Lair:8)
  6 hippogriffs
  8 sharks
  10 yaks
  A chaos spawn (Shoals:2)
  3 wargs
  13 ugly things
  19 deep elf fighters
  Menkaure (D:4)
  3 porcupines
  A necrophage (D:8)
  18 tarantellas
  A mottled dragon (D:14)
  14 orc warriors
  2 phantoms
  2 hell hounds (Lair:8)
  10 ice beasts
  9 spiders
  A slave (D:7)
  8 water moccasins
  A manticore zombie (D:13)
  2 black bears (Lair:8)
  3 sky beasts
  8 ogres
  14 centaurs
  7 crocodiles
  A giant goldfish (Spider:5)
  5 elf zombies
  2 big kobolds
  13 wolves
  6 giant slugs
  Blork the orc (D:4)
  7 giant frogs
  A spider zombie (Spider:3)
  2 cyclops zombies
  A boring beetle (Lair:8)
  An eye of draining (D:13)
  2 gnoll sergeants (D:12)
  4 jellies
  5 scorpions
  6 wights
  A glowing shapeshifter simulacrum (Vaults:1)
  A troll skeleton (D:12)
  A troll zombie (D:9)
  2 electric eels
  A pulsating lump (shapeshifter) (Elf:3)
  A big fish (Spider:1)
  8 hounds
  A goliath beetle (D:11)
  4 crimson imps
  7 orc priests
  A giant frog skeleton (D:9)
  A basilisk skeleton (D:11)
  A quasit (D:15)
  2 iguanas
  4 worker ants
  9 orc wizards
  2 orange rats
  A killer bee zombie (D:11)
  A quokka (Lair:5)
  A big kobold zombie (D:6)
  14 sheep
  2 mummies (D:13)
  3 orc zombies
  11 adders
  3 gnolls (D:12)
  17 green rats
  3 shadow imps
  5 worms (Lair:8)
  An orc skeleton (D:6)
  2 giant eyeballs
  A giant gecko (D:3)
  74 orcs
  9 bats
  9 goblins
  3 hobgoblins
  9 jackals
  6 kobolds
  A ball python (Sewer)
  A giant newt (D:3)
  A goblin zombie (D:5)
  A kobold zombie (D:6)
  5 rats
  A bush (Lair:4)
  2 butterflies (Lair:7)
  12 crawling corpses
  13 fungi
  32 plants
  A tentacle (Shoals:3)
993 creatures vanquished.

Vanquished Creatures (others)
  A profane servitor (Vaults:1)
  2 bone dragons
  2 ghouls
  2 spectral elves (Elf:3)
  A spectral human (Shoals:3)
  4 skeletal warriors
  4 flayed ghosts
  A deep elf knight (Elf:1)
  A harpy (Shoals:5)
  3 wolf spider zombies
  5 flaming corpses
  5 phantasmal warriors
  5 drowned souls
  A death yak zombie (IceCv)
  6 harpy zombies
  4 redback zombies
  6 polar bears (IceCv)
  A deep dwarf zombie (Shoals:2)
  2 trapdoor spider zombies (Spider:5)
  A small abomination (Elf:3)
  A tarantella zombie (Spider:3)
  A boggart (Vaults:2)
  A fire dragon zombie (Vaults:1)
  A jumping spider zombie (Spider:5)
  A deep elf mage (Elf:3)
  A yak (IceCv)
  6 flying skulls
  A vampire (D:15)
  3 ugly thing zombies
  A spriggan zombie (Vaults:1)
  5 wraiths
  2 deep elf fighters
  A harpy skeleton (Shoals:1)
  A hill giant skeleton (D:12)
  A faun zombie (Shoals:4)
  2 merfolk zombies (Shoals:5)
  5 orb spider zombies
  A black mamba zombie (Lair:6)
  2 elephant zombies
  2 raven zombies (D:15)
  An elephant skeleton (Lair:6)
  A vampire mosquito zombie (D:15)
  A crocodile (Lair:7)
  A komodo dragon zombie (D:12)
  A hell hound zombie (Lair:8)
  5 elf skeletons (Elf:1)
  A cyclops skeleton (Shoals:4)
  6 spider zombies
  A water moccasin zombie (Lair:7)
  2 hippogriff zombies
  2 giant goldfish zombies (Shoals:2)
  4 yak zombies
  2 giant slug zombies (Lair:3)
  A polar bear skeleton (IceCv)
  2 yak skeletons
  6 centaur zombies
  3 giant frog zombies
  4 elf zombies
  A tengu zombie (D:15)
  3 polar bear zombies (IceCv)
  A black bear zombie (Lair:8)
  A porcupine skeleton (Lair:7)
  A crocodile zombie (Lair:1)
  7 wolf zombies (IceCv)
  A crocodile skeleton (D:14)
  4 hound zombies (Lair:8)
  3 gnoll zombies (D:12)
  2 mummies (D:9)
  2 worker ant zombies
  3 scorpion zombies
  3 big fish zombies (Shoals:2)
  4 human zombies
  3 sheep zombies
  A sheep skeleton (Lair:7)
  4 bat skeletons
  A bat zombie (Sewer)
  A giant mite zombie (Sewer)
  2 green rat zombies (Lair:8)
  A ball python zombie (D:3)
  2 giant cockroach zombies
  2 giant gecko skeletons
  A giant newt skeleton (D:3)
  2 goblin zombies
  4 jackal zombies (Lair:8)
  5 kobold zombies
  12 orc skeletons
  39 orc zombies
  3 rat skeletons
  A crawling corpse (Elf:3)
  A plant (Lair:8)
  7 tentacles (Shoals:3)
  9 tentacle segments (Shoals:3)
277 creatures vanquished.

Grand Total: 2347 creatures vanquished

Notes
Turn   | Place    | Note
--------------------------------------------------------------
     0 | D:1      | PolkaDot, the Vampire Death Knight, began the quest for the Orb.
     0 | D:1      | Reached XP level 1. HP: 16/16 MP: 1/1
   163 | D:1      | Reached XP level 2. HP: 22/22 MP: 2/2
   573 | D:1      | Reached XP level 3. HP: 17/27 MP: 4/4
   800 | D:2      | Reached skill level 3 in Polearms
   947 | D:2      | Acquired Yredelemnul's second power
  1071 | D:2      | Reached XP level 4. HP: 25/34 MP: 3/5
  1677 | D:3      | Found a glowing drain.
  1695 | D:3      | Reached skill level 4 in Polearms
  1695 | D:3      | Reached XP level 5. HP: 30/41 MP: 6/6
  1714 | Sewer    | Entered a sewer
  1950 | Sewer    | Acquired Yredelemnul's third power
  3781 | D:3      | Received a gift from Yredelemnul
  4073 | D:3      | Reached XP level 6. HP: 42/48 MP: 8/8
  4649 | D:4      | Reached skill level 5 in Polearms
  4848 | D:4      | Received a gift from Yredelemnul
  4938 | D:4      | Noticed Blork the orc
  4947 | D:4      | Killed Blork the orc
  5037 | D:4      | Found a glowing golden altar of the Shining One.
  5075 | D:4      | Reached XP level 7. HP: 48/54 MP: 7/9
  5077 | D:4      | Received a gift from Yredelemnul
  5481 | D:4      | Noticed Menkaure
  5490 | D:4      | Killed Menkaure
  5490 | D:4      | Reached skill level 6 in Polearms
  5758 | D:5      | Entered Level 5 of the Dungeon
  5798 | D:5      | Found Woydd's Weapon Boutique.
  5847 | D:5      | Found a staircase to the Ecumenical Temple.
  5904 | D:5      | Found Yxajis' Armour Shoppe.
  5908 | D:5      | Received a gift from Yredelemnul
  5924 | D:5      | Found a shattered altar of Ashenzari.
  6000 | D:5      | Found Thraak's General Store.
  6018 | D:5      | Bought a scroll of blinking for 97 gold pieces
  6140 | D:5      | Found Jayse's Antique Weapon Shoppe.
  6205 | D:6      | Found Ocemuabe's Magic Scroll Shop.
  6222 | D:6      | Found Tesyth's Magic Scroll Emporium.
  6272 | D:6      | Found Plog's General Store.
  6582 | D:6      | Reached skill level 5 in Fighting
  6602 | D:6      | Acquired Yredelemnul's fourth power
  6656 | D:6      | Found Lauv's Weapon Boutique.
  6733 | D:6      | Found Kituivan's General Store.
  6736 | D:6      | Bought a potion of might for 37 gold pieces
  6826 | D:7      | Reached skill level 7 in Polearms
  6857 | D:7      | Reached skill level 1 in Armour
  6857 | D:7      | Reached XP level 8. HP: 43/62 MP: 7/10
  6934 | D:7      | Noticed Pikel
  6941 | D:7      | Killed Pikel
  6941 | D:7      | Reached skill level 8 in Polearms
  7053 | D:7      | Learned a level 3 spell: Flight
  7371 | D:8      | Reached skill level 9 in Polearms
  7373 | D:8      | Found a glowing silver altar of Zin.
  7410 | D:8      | Reached XP level 9. HP: 37/68 MP: 12/12
  7973 | D:8      | Received a gift from Yredelemnul
  8366 | D:9      | Noticed a hill giant
  8378 | D:9      | Reached skill level 10 in Polearms
  8404 | D:9      | Killed a hill giant
  8404 | D:9      | Reached skill level 5 in Armour
  9129 | D:9      | Found an ancient bone altar of Kikubaaqudgha.
  9313 | D:9      | Reached XP level 10. HP: 72/74 MP: 13/13
  9727 | D:10     | Entered Level 10 of the Dungeon
  9737 | D:10     | Got a fine trident
  9738 | D:10     | Identified the +9,+9 trident "Esewnani" {drain, rC+ Stlth} (You found it on level 10 of the Dungeon)
  9982 | D:10     | Found a staircase to the Lair.
 10005 | D:10     | Found a staircase to the Orcish Mines.
 10524 | D:10     | Noticed Eustachio
 10536 | D:10     | Killed Eustachio
 10627 | D:10     | Your ally Eustachio died
 10982 | Lair:1   | Entered Level 1 of the Lair of Beasts
 11168 | Lair:1   | Acquired Yredelemnul's fifth power
 11168 | Lair:1   | Reached skill level 5 in Invocations
 11551 | Lair:1   | Noticed a black mamba
 11557 | Lair:1   | Killed a black mamba
 11646 | Lair:1   | Noticed a seven-headed hydra
 11652 | Lair:1   | Killed a seven-headed hydra
 11851 | Lair:1   | Received a gift from Yredelemnul
 12678 | D:5      | Bought a +3 leather armour of fire resistance for 360 gold pieces
 12897 | Lair:2   | Reached skill level 5 in Dodging
 12916 | Lair:2   | Reached XP level 11. HP: 79/79 MP: 21/21
 13107 | Lair:2   | Gained mutation: You have large cloven feet. [potion of beneficial mutation]
 13157 | Lair:2   | Received a gift from Yredelemnul
 13406 | Lair:3   | Found a frozen archway.
 13549 | IceCv    | Entered an ice cave
 14165 | IceCv    | Noticed a death yak
 14172 | IceCv    | Killed a death yak
 14377 | IceCv    | Received a gift from Yredelemnul
 14676 | IceCv    | Noticed a frost giant
 14697 | IceCv    | Killed a frost giant
 14826 | Lair:3   | Reached XP level 12. HP: 46/86 MP: 25/25
 15034 | Lair:3   | Received a gift from Yredelemnul
 15043 | Lair:3   | Learned a level 3 spell: Regeneration
 15220 | Lair:3   | Noticed a catoblepas
 15252 | Lair:3   | Killed a catoblepas
 15311 | Lair:3   | Received a gift from Yredelemnul
 15772 | Lair:3   | Noticed a seven-headed hydra
 15780 | Lair:3   | Killed a seven-headed hydra
 16298 | Lair:4   | Reached skill level 10 in Invocations
 16655 | Lair:4   | Received a gift from Yredelemnul
 17138 | Lair:5   | Found a staircase to the Shoals.
 17398 | Lair:5   | Got a smoking large shield
 17406 | Lair:5   | Identified the +2 large shield of Angiukui {Str+3 Dam+4 Curse} (You found it on level 5 of the Lair of Beasts)
 18537 | Lair:6   | Reached skill level 10 in Dodging
 18918 | Lair:6   | Found a hole to the Spider Nest.
 19001 | Lair:6   | Received a gift from Yredelemnul
 19201 | Lair:6   | Killed a ravenous staircase mimic
 19660 | Lair:7   | Reached XP level 13. HP: 91/91 MP: 24/27
 19679 | Lair:7   | Reached skill level 11 in Dodging
 19769 | Lair:7   | Reached skill level 10 in Armour
 20238 | Lair:7   | Identified the Collected Works on Execration
 20474 | Lair:7   | Got a transparent spear
 20475 | Lair:7   | Identified the +5,+8 spear "Ezxum" {drain, Str+3 Dex-1} (You found it on level 7 of the Lair of Beasts)
 20566 | Lair:7   | Reached skill level 1 in Charms
 20573 | Lair:7   | Reached skill level 1 in Necromancy
 20709 | Lair:7   | Found a staircase to the Slime Pits.
 20922 | Lair:7   | Received a gift from Yredelemnul
 20966 | Lair:8   | Entered Level 8 of the Lair of Beasts
 21041 | Lair:8   | Noticed Nergalle
 21050 | Lair:8   | Killed Nergalle
 21230 | Lair:8   | Received a gift from Yredelemnul
 21965 | Lair:8   | Reached skill level 5 in Charms
 21980 | Lair:8   | Received a gift from Yredelemnul
 21989 | Lair:8   | Reached skill level 5 in Necromancy
 22517 | Lair:8   | Received a gift from Yredelemnul
 23059 | D:11     | Reached skill level 1 in Shields
 23849 | D:11     | Received a gift from Yredelemnul
 23866 | D:11     | Got a distressingly furry scale mail
 25347 | D:12     | Received a gift from Yredelemnul
 25452 | D:12     | Found a corrupted altar of Lugonu.
 25657 | D:12     | Reached XP level 14. HP: 82/98 MP: 25/27
 25659 | D:12     | Received a gift from Yredelemnul
 25703 | D:12     | Reached skill level 5 in Shields
 25726 | D:12     | Received a gift from Yredelemnul
 27214 | D:13     | Noticed Fannar
 27230 | D:13     | Killed Fannar
 28109 | D:13     | Received a gift from Yredelemnul
 28495 | D:14     | Found a gate to the Vaults.
 29652 | D:15     | Entered Level 15 of the Dungeon
 29739 | D:15     | Received a gift from Yredelemnul
 30328 | D:15     | Noticed Rupert
 30334 | D:15     | Paralysed by Rupert for 3 turns
 30334 | D:15     | Reached skill level 10 in Shields
 30337 | D:15     | Killed Rupert
 30337 | D:15     | Enslaved Rupert
 30491 | D:15     | Found a staircase to the Depths.
 30629 | D:15     | Received a gift from Yredelemnul
 31323 | Shoals:1 | Entered Level 1 of the Shoals
 31652 | Shoals:1 | Reached skill level 1 in Air Magic
 32317 | Shoals:2 | Noticed Frances
 32327 | Shoals:2 | Killed Frances
 32327 | Shoals:2 | Enslaved Frances
 32327 | Shoals:2 | Your ally Rupert died
 32537 | Shoals:2 | Reached XP level 15. HP: 72/103 MP: 28/28
 33062 | Shoals:2 | Noticed Jorgrun
 33074 | Shoals:2 | Killed Jorgrun
 33248 | Shoals:2 | Your ally Jorgrun died
 34230 | Shoals:3 | Got a faintly glowing robe
 34231 | Shoals:3 | Identified the +1 robe "Pixeh" {rF+ rC+} (You found it on level 3 of the Shoals)
 34920 | Shoals:3 | Noticed a kraken
 34926 | Shoals:3 | Your ally Frances died
 34928 | Shoals:3 | Killed a kraken
 34928 | Shoals:3 | Reached skill level 10 in Charms
 34948 | Shoals:3 | Reached skill level 5 in Air Magic
 35524 | Shoals:4 | Received a gift from Yredelemnul
 35951 | Shoals:4 | Received a gift from Yredelemnul
 36949 | Shoals:5 | Entered Level 5 of the Shoals
 37180 | Shoals:5 | Got a steaming steel amulet
 37181 | Shoals:5 | Identified the amulet "Gishe" {Ward rN+ Acc+4 Dam+3} (You found it on level 5 of the Shoals)
 37816 | Shoals:5 | Noticed Ilsuiw
 37838 | Shoals:5 | Killed Ilsuiw
 38996 | Shoals:5 | HP: 4/107 [merfolk impaler/runed trident (7)]
 39004 | Shoals:5 | Reached XP level 16. HP: 14/113 MP: 22/29
 39053 | Shoals:5 | Got a barnacled rune of Zot
 39454 | Lair:1   | Learned a level 3 spell: Mephitic Cloud
 39468 | Orc:1    | Entered Level 1 of the Orcish Mines
 39548 | Orc:1    | Received a gift from Yredelemnul
 39625 | Orc:1    | Found a burning altar of Makhleb.
 39811 | Orc:1    | Noticed Gastronok
 39817 | Orc:1    | Killed Gastronok
 39867 | Orc:1    | Found a roughly hewn altar of Beogh.
 39873 | Orc:1    | Received a gift from Yredelemnul
 39909 | Orc:1    | Reached skill level 1 in Poison Magic
 40652 | Orc:2    | Noticed Urug
 40671 | Orc:2    | Killed Urug
 40988 | Orc:3    | Found a staircase to the Elven Halls.
 41199 | Orc:3    | Received a gift from Yredelemnul
 41538 | Orc:4    | Entered Level 4 of the Orcish Mines
 41696 | Orc:4    | Found a roughly hewn altar of Beogh.
 41696 | Orc:4    | Found Wopusahaxi's General Store.
 41726 | Orc:4    | Received a gift from Yredelemnul
 41748 | Orc:4    | Wopusahaxi's General Store was a mimic.
 41818 | Orc:4    | Found a roughly hewn altar of Beogh.
 41916 | Orc:4    | Found a roughly hewn altar of Beogh.
 42022 | Orc:4    | Found a roughly hewn altar of Beogh.
 42061 | Orc:4    | Found a radiant altar of Vehumet.
 42100 | Orc:4    | Found a roughly hewn altar of Beogh.
 42118 | Orc:4    | Found Xacrot's Jewellery Boutique.
 42249 | Orc:4    | Received a gift from Yredelemnul
 42289 | Orc:4    | Found a roughly hewn altar of Beogh.
 42289 | Orc:4    | Found Noroa's Antique Weapon Shop.
 42293 | Orc:4    | Found Smaig's Antique Armour Boutique.
 42332 | Orc:4    | Received a gift from Yredelemnul
 42556 | Orc:4    | Found a roughly hewn altar of Beogh.
 42637 | Elf:1    | Entered Level 1 of the Elven Halls
 42656 | Elf:1    | Received a gift from Yredelemnul
 42670 | Elf:1    | Found a radiant altar of Vehumet.
 43660 | Elf:1    | Received a gift from Yredelemnul
 43910 | Elf:1    | Reached skill level 10 in Fighting
 44236 | Elf:2    | Received a gift from Yredelemnul
 44315 | Elf:2    | Reached skill level 5 in Poison Magic
 44778 | Elf:3    | Entered Level 3 of the Elven Halls
 44810 | Elf:3    | Received a gift from Yredelemnul
 45053 | Elf:3    | Received a gift from Yredelemnul
 45097 | Elf:3    | Found Zedesus' Assorted Antiques.
 45330 | Elf:3    | Noticed a deep elf blademaster
 45331 | Elf:3    | Noticed a deep elf blademaster
 45332 | Elf:3    | Noticed a deep elf master archer
 45335 | Elf:3    | Killed a deep elf blademaster
 45342 | Elf:3    | Killed a deep elf blademaster
 45342 | Elf:3    | Reached XP level 17. HP: 62/131 MP: 15/30
 45343 | Elf:3    | Noticed an Ice Fiend
 45350 | Elf:3    | Killed a deep elf master archer
 45615 | Elf:3    | Reached skill level 12 in Fighting
 45630 | Elf:3    | Identified the Guide on the Frostbite and Battle Magic
 45635 | Elf:3    | Got a wavering granite ring
 45636 | Elf:3    | Identified the ring of Curiosity {+Inv rPois MR+} (You found it on level 3 of the Elven Halls)
 45668 | Elf:3    | Identified Briadi's Reference Book on Enchantment (You found it on level 3 of the Elven Halls)
 45703 | Elf:3    | Noticed a deep elf master archer
 45709 | Elf:3    | Killed a deep elf master archer
 47062 | Lair:3   | Learned a level 3 spell: Vampiric Draining
 47187 | Spider:1 | Entered Level 1 of the Spider Nest
 47453 | Spider:1 | Noticed Sonja
 47475 | Spider:1 | Killed Sonja
 47475 | Spider:1 | Enslaved Sonja
 47963 | Spider:1 | Received a gift from Yredelemnul
 48568 | Spider:2 | Received a gift from Yredelemnul
 49282 | Spider:3 | Noticed Donald
 49295 | Spider:3 | Killed Donald
 49302 | Spider:3 | Noticed Aizul
 49322 | Spider:3 | Killed Aizul
 49322 | Spider:3 | Reached skill level 10 in Necromancy
 49727 | Spider:3 | Noticed Louise
 49748 | Spider:3 | Killed Louise
 49899 | Spider:3 | Noticed Mara
 49901 | Spider:3 | Noticed PolkaDot's illusion
 49912 | Spider:3 | Killed PolkaDot's illusion
 49916 | Spider:3 | Noticed PolkaDot's illusion
 49929 | Spider:3 | Killed PolkaDot's illusion
 49930 | Spider:3 | Noticed PolkaDot's illusion
 49930 | Spider:3 | Killed Mara
 50492 | D:6      | Bought a scroll of brand weapon for 300 gold pieces
 51500 | Spider:4 | Noticed Arachne
 51502 | Spider:4 | Received a gift from Yredelemnul
 51510 | Spider:4 | Killed Arachne
 51805 | Spider:5 | Entered Level 5 of the Spider Nest
 51928 | Spider:5 | Received a gift from Yredelemnul
 52129 | Spider:5 | Received a gift from Yredelemnul
 52333 | Spider:5 | Received a gift from Yredelemnul
 52643 | Spider:5 | Reached XP level 18. HP: 85/140 MP: 17/30
 52847 | Spider:5 | Got a gossamer rune of Zot
 53624 | Vaults:1 | Entered Level 1 of the Vaults
 53898 | Vaults:1 | Received a gift from Yredelemnul
 54133 | Vaults:1 | Noticed Agnes
 54139 | Vaults:1 | Killed Agnes
 54428 | Vaults:1 | Your ally Agnes died
 54592 | Vaults:1 | Got a polished leather armour
 54593 | Vaults:1 | Identified the +3 leather armour of Heic Bri {Str+2 Int+3} (You found it on level 1 of the Vaults)
 55044 | Vaults:1 | Got a turquoise-encrusted ring mail
 55045 | Vaults:1 | Identified the cursed +1 ring mail of Qankon {Dex+1} (You found it on level 1 of the Vaults)
 55086 | Vaults:1 | Received a gift from Yredelemnul
 55505 | Vaults:1 | Reached skill level 13 in Shields
 56142 | Vaults:2 | Slain by a very large slime creature

Action                   |  1- 3 |  4- 6 |  7- 9 | 10-12 | 13-15 | 16-18 || total
-------------------------+-------+-------+-------+-------+-------+-------++-------
Melee: Spear             |   120 |   494 |       |       |       |       ||   614
       Trident           |       |    50 |   363 |   926 |  1278 |  1079 ||  3696
       Demon trident     |       |       |       |       |       |   417 ||   417
 Cast: Flight            |       |       |       |       |    61 |     1 ||    62
       Regeneration      |       |       |       |       |     2 |   136 ||   138
       Vampiric Draining |       |       |       |       |       |   223 ||   223
Invok: Animate Remains   |     9 |    14 |       |       |       |       ||    23
       Animate Dead      |       |    51 |    23 |    63 |   109 |   142 ||   388
       Recall Undead Sla |       |     1 |     3 |     9 |     6 |     9 ||    28
       Enslave Soul      |       |       |       |       |     2 |     5 ||     7
       Drain Life        |       |       |       |       |       |    16 ||    16
       Stop Recall       |       |       |       |       |       |     5 ||     5
 Abil: End Transformatio |       |     2 |       |       |       |     1 ||     3
       Bat Form          |       |     2 |       |       |       |     1 ||     3
Evoke: Wand              |       |       |     3 |     3 |     5 |     1 ||    12
  Use: Potion            |     1 |     1 |     4 |    10 |    19 |    11 ||    46
       Scroll            |       |    10 |     9 |    18 |    20 |    16 ||    73
 Stab: Sleeping          |       |       |     2 |     4 |     4 |     3 ||    13
       Distracted        |       |       |     3 |    16 |    20 |    26 ||    65
       Paralysed         |       |       |     2 |       |       |       ||     2
       Fleeing           |       |       |       |     1 |     1 |       ||     2
       Invisible         |       |       |       |     3 |       |     8 ||    11
       Confused          |       |       |       |       |     1 |       ||     1
